 Dungeon Crawl Stone Soup version 0.21.1-1-g345015fe64 (webtiles) character file.

2334 Kohma the Covert (level 9, -2/46 HPs)
             Began as a Vine Stalker Assassin on July 8, 2018.
             Was a Follower of Uskayaw.
             Slain by a killer bee (4 damage)
             ... on level 7 of the Dungeon.
             The game lasted 00:22:53 (6876 turns).

Kohma the Covert (Vine Stalker Assassin)            Turns: 6876, Time: 00:22:53

Health: -2/46      AC:  7    Str: 21    XL:     9   Next: 42%
Magic:  0/11       EV: 11    Int: 12    God:    Uskayaw [*.....]
Gold:   381        SH:  9    Dex: 16    Spells: 6/8 levels left

rFire    + + .     SeeInvis .   a - +2 dagger (venom)
rCold    . . .     Gourm    .   K - +0 buckler
rNeg     . . .     Faith    .   y - +2 robe "Ridwicw" {rF++}
rPois    .         Spirit   +   (no helmet)
rElec    .         Reflect  +   d - +1 cloak
rCorr    .         Harm     .   r - +0 pair of gloves
MR       +....                  (no boots)
Stlth    ++++......             q - +4 amulet of reflection
HPRegen  0.55/turn              u - +5 ring of strength
MPRegen  0.12/turn              (no ring)

@: lethally poisoned (-2 -> -3), drained
A: fangs 3, regeneration 1, magic shield, antimagic bite, no potion heal 3, rot
immunity
a: Stomp, Renounce Religion


You were on level 7 of the Dungeon.
You worshipped Uskayaw.
Uskayaw was noncommittal.
You were not hungry.

You visited 2 branches of the dungeon, and saw 8 of its levels.
You also visited: Ossuary.

You collected 381 gold pieces.

Inventory:

Hand Weapons
 a - a +2 dagger of venom (weapon)
 b - a +0 blowgun
 s - a +1 dagger of venom
 F - a +1 whip of flaming
 O - a cursed +0 short sword
Missiles
 e - 34 poisoned needles
 f - 2 curare-tipped needles {!f}
 C - 11 tomahawks (quivered)
 N - 2 javelins
Armour
 c - +0 gold dragon scales
 d - a +1 cloak (worn)
 m - a +0 ring mail
 r - a +0 pair of gloves (worn)
 y - the +2 robe "Ridwicw" (worn) {rF++}
   (You found it on level 4 of the Dungeon)

   It greatly protects you from fire.
 K - a +0 buckler (worn)
Magical Staves
 k - an uncursed staff of poison {unknown}
Jewellery
 q - a +4 amulet of reflection (around neck)
 u - a +5 ring of strength (left hand)
 B - an uncursed amulet of magic regeneration
Wands
 v - a wand of iceblast (10)
 H - a wand of paralysis (15)
 P - a wand of scattershot (7)
 T - a wand of disintegration (12)
Scrolls
 h - a scroll of magic mapping
 i - 4 scrolls of teleportation
 t - 2 scrolls of enchant weapon
 A - a scroll of fog
 G - a scroll of remove curse
 J - 2 scrolls of brand weapon
 L - a scroll of enchant armour
 R - a scroll of identify
Potions
 j - a potion of might
 l - 3 potions of cancellation
 n - a potion of agility {unknown}
 o - a potion of heal wounds {unknown}
 p - 2 potions of flight
 w - 2 potions of mutation {unknown}
 x - a potion of magic {unknown}
 z - 3 potions of curing {unknown}
 D - 2 potions of resistance {unknown}
 E - a potion of lignification {unknown}
 M - a potion of haste {unknown}
 S - a potion of brilliance {unknown}
Books
 I - a book of Minor Magic

   Spells                             Type                      Level
   a - Magic Dart                     Conjuration                  1
   b - Blink                          Translocation                2
   c - Call Imp                       Summoning                    2
   d - Slow                           Hexes                        2
   e - Conjure Flame                  Conjuration/Fire             3
   f - Mephitic Cloud                 Conjuration/Poison/Air       3
Comestibles
 g - 15 rations
 Q - a chunk of flesh


   Skills:
 + Level 4.8(4.6) Fighting
 + Level 4.7(4.5) Short Blades
 + Level 4.7(4.5) Throwing
 - Level 0.7(0.5) Dodging
 - Level 10.0(9.7) Stealth
 - Level 4.0(3.8) Shields
 - Level 2.0(1.8) Translocations
 + Level 2.4(2.3) Invocations


You had 6 spell levels left.
You knew the following spells:

 Your Spells              Type           Power        Failure   Level  Hunger
a - Blink                 Tloc           N/A          24%         2    ###....


Dungeon Overview and Level Annotations

Branches:
Dungeon (7/15)             Temple (1/1) D:5

Altars:
Ashenzari
Cheibriados
Dithmenos
Elyvilon
Fedhas
Gozag
Hepliaklqana
Kikubaaqudgha
Makhleb
Nemelex Xobeh
Okawaru
Qazlal
Ru
Sif Muna
Trog
Uskayaw
Vehumet
Xom
Yredelemnul
Zin
The Shining One

Shops:
D:5 %

Annotations:
D:3 Jessica


Innate Abilities, Weirdness & Mutations

You have razor-sharp teeth.
Your natural rate of healing is unusually fast.
When hurt, damage is shared between your health and your magic reserves.
Your bite disrupts and absorbs the magic of your enemies.
Potions cannot restore your health.
You are immune to rotting.


Message History

There is an open door, spattered with blood here.
You feel sick. The killer bee stings you! The killer bee stings you.
You block the killer bee's attack. x2; The killer bee barely misses you.
You feel sick. The killer bee misses you. You block the killer bee's attack.
The killer bee stings you. You block the killer bee's attack.
You feel sick. The killer bee barely misses you.
You block the killer bee's attack. x2; The killer bee closely misses you.
You feel sick. You block the killer bee's attack.
You block the killer bee's attack.
You feel sick. The killer bee stings you!
You feel sick. The killer bee stings you.
You feel sick. The killer bee stings you.
* * * LOW HITPOINT WARNING * * *
You block the killer bee's attack. The killer bee stings you.
* * * LOW HITPOINT WARNING * * *
The killer bee barely misses you. The killer bee barely misses you.
The killer bee stings you!
* * * LOW HITPOINT WARNING * * *
You block the killer bee's attack. The killer bee stings you.
You die...

#.........................#
#.........................#
#.........................#
#.........................#
#.........................#
#......######'######......#
#......# #.......#......#
#......# #.......'......#
#......# #....@..#......#
#......# ##..yyy.#......#
#......# #...y..#......#
#......# #......#......#
#......# ##......#......#
#......# #.......#......#
#......# #.......#......#
#......# #.......#......# #
##......#......#


You could see 4 killer bees.

Vanquished Creatures
  A gargoyle (D:7)
  Menkaure (D:6)
  A water moccasin (D:6)
  2 ice beasts
  2 sky beasts
  A phantom (D:7)
  An ogre (D:7)
  A centaur (D:6)
  A bullfrog (D:7)
  4 scorpions
  4 wights (D:7)
  3 hounds
  A jelly (D:3)
  3 orc priests
  2 orc wizards
  A centaur skeleton (D:4)
  3 worker ants
  3 iguanas
  6 big kobold zombies (Ossuary)
  A mummy (Ossuary)
  3 gnolls (D:4)
  A howler monkey skeleton (D:6)
  4 adders
  3 shadow imps
  2 oozes
  2 worms (D:2)
  5 leopard geckos
  19 orcs
  2 spectral bats (Ossuary)
  5 giant cockroaches
  5 gnoll zombies (Ossuary)
  2 goblins
  7 hobgoblins
  11 jackals
  3 kobolds
  4 quokkas
  9 bats
  A bat simulacrum (Ossuary)
  2 frilled lizards
  4 goblin simulacra (Ossuary)
  3 goblin zombies (Ossuary)
  3 hobgoblin zombies (Ossuary)
  3 kobold simulacra (Ossuary)
  5 kobold zombies (Ossuary)
  6 orc zombies (Ossuary)
  5 rats
  A rat simulacrum (Ossuary)
  6 spectral goblins (Ossuary)
  6 spectral rats (Ossuary)
174 creatures vanquished.

Vanquished Creatures (others)
  A gnoll zombie (Ossuary)
  A hobgoblin zombie (Ossuary)
  A spectral goblin (Ossuary)
3 creatures vanquished.

Grand Total: 177 creatures vanquished

Notes
Turn   | Place    | Note
-------+----------+-------------------------------------------
     0 | D:1      | Kohma the Vine Stalker Assassin began the quest for the Orb.
     0 | D:1      | Reached XP level 1. HP: 11/11 MP: 2/2
   175 | D:1      | Reached skill level 5 in Stealth
   469 | D:1      | Reached XP level 2. HP: 13/15 MP: 3/3
  1049 | D:2      | Reached XP level 3. HP: 18/18 MP: 4/4
  1610 | D:2      | Gained mutation: Your natural rate of healing is unusually fast. [Vine Stalker growth]
  1610 | D:2      | Reached XP level 4. HP: 14/23 MP: 3/5
  2043 | D:3      | Reached skill level 6 in Stealth
  2152 | D:3      | Reached XP level 5. HP: 27/27 MP: 6/6
  2163 | D:3      | Found a faded altar of an unknown god.
  2258 | D:3      | Found a glowing golden altar of the Shining One.
  2497 | D:3      | Noticed Jessica
  2784 | D:4      | Reached XP level 6. HP: 32/32 MP: 7/7
  2797 | D:4      | Found a sparkling altar of Nemelex Xobeh.
  2801 | D:4      | Got a silken robe
  2836 | D:4      | Found a sand-covered staircase.
  2841 | Ossuary  | Entered an ossuary
  2907 | Ossuary  | Reached skill level 7 in Stealth
  3496 | D:4      | Identified the +2 robe "Ridwicw" {rF++} (You found it on level 4 of the Dungeon)
  3555 | D:4      | Reached XP level 7. HP: 16/36 MP: 5/8
  3769 | D:4      | Reached skill level 8 in Stealth
  3977 | D:4      | You fall through a shaft!
  3977 | D:5      | Entered Level 5 of the Dungeon
  3977 | D:5      | Found Tuachong's Food Shoppe.
  4312 | D:5      | Learned a level 2 spell: Blink
  4340 | D:5      | Reached skill level 1 in Shields
  4637 | D:5      | Found a staircase to the Ecumenical Temple.
  4646 | Temple   | Entered the Ecumenical Temple
  4739 | Temple   | Became a worshipper of Uskayaw the Reveler
  5057 | D:6      | Reached * piety under Uskayaw
  5082 | D:6      | Reached ** piety under Uskayaw
  5086 | D:6      | Reached skill level 1 in Translocations
  5086 | D:6      | Gained mutation: You have razor-sharp teeth. [Vine Stalker growth]
  5086 | D:6      | Reached XP level 8. HP: 29/42 MP: 6/9
  5270 | D:6      | Found a shadowy altar of Dithmenos.
  5273 | D:6      | Found a shattered altar of Ashenzari.
  5276 | D:6      | Found a burning altar of Makhleb.
  5448 | D:6      | Reached skill level 9 in Stealth
  5783 | D:6      | Noticed Menkaure
  5795 | D:6      | Killed Menkaure
  5858 | D:6      | Reached skill level 1 in Invocations
  6106 | D:7      | Found a bloodstained altar of Trog.
  6143 | D:7      | Reached XP level 9. HP: 45/45 MP: 11/11
  6205 | D:7      | Noticed a gargoyle
  6209 | D:7      | Killed a gargoyle
  6352 | D:7      | Reached skill level 10 in Stealth
  6876 | D:7      | HP: 2/46 [killer bee (6)]
  6876 | D:7      | Slain by a killer bee

Skill      XL: |  1  2  3  4  5  6  7  8  9 |
---------------+----------------------------+-----
Stealth        | 5 6 7 8 9 10 | 10.0
Fighting       | 2 3 4 |  4.8
Short Blades   | 2 3 4 |  4.7
Throwing       | 2 3 4 |  4.7
Shields        | 1 3 4 |  4.0
Translocations | 1 2 |  2.0
Invocations    | 1 2 |  2.4
Dodging        | |  0.7

Action                   |  1- 3 |  4- 6 |  7- 9 || total
-------------------------+-------+-------+-------++-------
Melee: Dagger            |    84 |   291 |   233 ||   608
       Bite              |    15 |   108 |    91 ||   214
 Fire: Blowgun           |    15 |     5 |     4 ||    24
Invok: Line Pass         |       |       |     1 ||     1
  Use: Scroll            |       |    11 |     8 ||    19
 Stab: Sleeping          |     5 |     8 |    12 ||    25
  Eat: Chunk             |     2 |     4 |     7 ||    13
       Ration            |       |     1 |     1 ||     2
Armor: Robe              |     6 |     5 |    48 ||    59
       Ring mail         |    41 |    57 |       ||    98
Dodge: Dodged            |    66 |   107 |    89 ||   262
Block: Other             |       |    21 |     3 ||    24
       Buckler           |       |       |    83 ||    83
       Reflection        |       |       |     3 ||     3
